 Dungeon Crawl Stone Soup version 0.30-a0-142-g7370640ec8 (webtiles) character file.

Game seed: 15309457668089294869

39 qw the Chopper (level 3, 0/23 HPs)
             Began as a Gargoyle Fighter on Sept 25, 2022.
             Slain by a gnoll
             ... wielding a +0 club
              (2 damage)
             ... on level 2 of the Dungeon.
             The game lasted 00:00:34 (1300 turns).

qw the Chopper (Gargoyle Fighter)                   Turns: 1300, Time: 00:00:34

Health: 0/23       AC: 12    Str: 21    XL:     3   Next: 47%
Magic:  3/3        EV:  7    Int:  8    God:
Gold:   74         SH:  4    Dex:  9    Spells: 2/2 levels left

rFire   . . .      SeeInvis .    Y - +0 war axe
rCold   . . .      Faith    .    c - +0 buckler
rNeg    + . .      Spirit   .    k - +0 chain mail
rPois   inf        Reflect  .    (no helmet)
rElec   +          Harm     .    (no cloak)
rCorr   +          Rampage  .    (no gloves)
Will    .....                    (no boots)
Stlth   ..........               (no amulet)
HPRegen 0.07/turn                j - ring of resist corrosion
MPRegen 0.08/turn                (no ring)

@: no status effects
A: sickness immunity, AC +3, negative energy resistance 1, electricity
resistance, torment resistance 1, petrification resistance
a: no special abilities


You were on level 2 of the Dungeon.
You visited 1 branch of the dungeon, and saw 2 of its levels.

You collected 74 gold pieces.


Innate Abilities, Weirdness & Mutations

You are immune to sickness and miasma.
Your stone body is resilient. (AC +3)
You are immune to poison.
You resist negative energy. (rN+)
You are resistant to electric shocks. (rElec)
You are resistant to unholy torment.
You are immune to petrification.


   Skills:
 - Level 3.2 Fighting
 + Level 3.4 Axes
 - Level 3.2 Armour
 - Level 3.2 Shields


You had 2 spell levels left.
You didn't know any spells.
Your spell library was empty.

Inventory:

Hand Weapons
 f - a +0 morningstar
 Y - a +0 war axe (weapon)
Armour
 c - a +0 buckler (worn)
 k - a +0 chain mail (worn)
Jewellery
 j - a ring of resist corrosion (left hand)
Scrolls
 a - a scroll of magic mapping {unknown}
Potions
 d - 3 potions of might
 e - a potion of flight {unknown}
 h - a potion of lignification {unknown}
 l - a potion of curing

Dungeon Overview and Level Annotations

Branches:
Dungeon (2/15)

Altars:


Message History

You barely miss the quokka. You block the quokka's attack.
The quokka bites you but does no damage.
You closely miss the quokka.
The quokka bites you but does no damage. x2
You hit the quokka but do no damage.
The quokka bites you but does no damage.
The quokka bites you.
You hit the quokka.
You kill the quokka!
You start resting.
HP restored.
You see here a quokka corpse.
A rat comes into view.
Enter note: You slash the rat!
You kill the rat!
You see here a rat corpse.
Found a robe.
A gnoll comes into view. It is wielding a +0 halberd.
A gnoll comes into view. It is wielding a +0 spear.
The gnoll shouts!
You hear a shout! x2 2 gnolls come into view.
The gnoll shouts! x2
The gnoll hits you but does no damage.
The gnoll hits you from afar with a +0 halberd.
The gnoll moves out of view.
The gnoll hits you with a +0 spear. The gnoll hits you with a +0 halberd.
You barely miss the gnoll. You hit the gnoll.
The gnoll hits you with a +0 halberd. The gnoll hits you with a +0 spear.
You slash the gnoll!
The gnoll is almost dead.
You barely miss the gnoll. The gnoll hits you with a +0 halberd.
The gnoll hits you but does no damage.
You slash the gnoll!
You kill the gnoll!
You slash the gnoll! The gnoll hits you with a +0 spear.
You block the gnoll's attack. The gnoll hits you with a +0 club.
You die...

#### #...# #
.....# .#
......).....# #.#
...........g##
#..
.........gg@###.#
#........###.#.#
#...#.. ##.[#
#...# ##.#
##...### #.#####
#....%.# #.#...#
#....#.# #.....#
#....#.#
####...####
#...##<#
#.........##


You could see 3 gnolls.

Vanquished Creatures
  A gnoll (D:2)
  A worm (D:2)
  3 bats
  6 endoplasms (D:1)
  2 giant cockroaches
  A hobgoblin (D:1)
  4 jackals
  3 kobolds (D:1)
  2 quokkas
  2 ball pythons (D:1)
  A frilled lizard (D:1)
  3 goblins (D:1)
  5 rats
34 creatures vanquished.

Notes
Turn   | Place    | Note
-------+----------+-------------------------------------------
     0 | D:1      | qw the Gargoyle Fighter began the quest for the Orb.
     0 | D:1      | Reached XP level 1. HP: 14/14 MP: 1/1
     0 | D:1      | 0 ||| qw: Version: 0.2-a-10-g399e6c4
     0 | D:1      | 0 ||| qw: Game counter: 391
     0 | D:1      | 0 ||| qw: Always use a shield: true
     0 | D:1      | 0 ||| qw: God list: Okawaru
     0 | D:1      | 0 ||| qw: Allow faded altars: false
     0 | D:1      | 0 ||| qw: Do Orc after D:15 true
     0 | D:1      | 0 ||| qw: Do second Lair branch before Depths: true
     0 | D:1      | 0 ||| qw: Lair rune preference: random
     0 | D:1      | 0 ||| qw: Plans: Normal, Zot:1-4, God:TSO, Crypt, Tomb,
                  | Pan, Slime:5, Hells, Abyss, Orb
     0 | D:1      | 0 ||| PLANNING D:1-11
     5 | D:1      | Found a faded altar of an unknown god.
    77 | D:1      | 77 ||| Stepping ~*~*~tactically~*~*~ (stealth).
   123 | D:1      | Reached XP level 2. HP: 19/19 MP: 2/2
   776 | D:1      | Reached skill level 3 in Axes
   821 | D:1      | Reached XP level 3. HP: 23/23 MP: 3/3
  1112 | D:1      | 1112 ||| UPGRADING to +0 chain mail.
  1122 | D:1      | 1122 ||| DROPPING +0 scale mail.
  1123 | D:1      | 1123 ||| UPGRADING to ring of resist corrosion.
  1124 | D:1      | 1124 ||| READING scroll labelled TOUGUUKLEPH.
  1125 | D:1      | 1125 ||| READING scroll labelled NESAST OWNAZEO.
  1126 | D:1      | 1126 ||| DRINKING 2 silvery potions.
  1194 | D:2      | 1194 ||| Stepping ~*~*~tactically~*~*~ (stealth).
  1299 | D:2      | HP: 3/23 [gnoll/+0 halberd (6)]
  1300 | D:2      | Slain by a gnoll

Levels and vault maps discovered:
D:1:      dpeg_arrival_houses_and_road, layout_loops_corners,
          basic_ecumenical_altar
D:2:      layout_loops_cross, serial_shops, shop, minmay_misc_feat_pillars

Skill      XL: |  1  2 |
---------------+-------+-----
Axes           | 2 3 |  3.4
Fighting       | |  3.2
Armour         | |  3.2
Shields        | |  3.2

Action                   || total
-------------------------++-------
Melee: War axe           ||    94
  Use: Scroll            ||     2
       Potion            ||     1
Armor: Scale mail        ||    22
       Chain mail        ||    13
Dodge: Dodged            ||    40
Block: Buckler           ||    17

Table legend:
 A = Non-vault XP
 B = Vault XP
 C = Vault XP percentage of total XP
 D = Non-vault monster count
 E = Vault monster count
 F = Vault count percentage of total count
                 A         B        C        D         E       F
            +---------+---------+-------+---------+---------+-------
      Total |      71 |       0 |   0.0 |      34 |       0 |   0.0
            +---------+---------+-------+---------+---------+-------
        D:1 |      42 |       0 |   0.0 |      26 |       0 |   0.0
        D:2 |      29 |       0 |   0.0 |       8 |       0 |   0.0
            +---------+---------+-------+---------+---------+-------
